 Dungeon Crawl Stone Soup version 0.30-a0-459-g9104f0fc43 (webtiles) character file.

Game seed: 8408544779901897832

19774 arthad the Thaumaturge (level 12, -10/92 HPs)
             Began as a Gnoll Fire Elementalist on Dec 15, 2022.
             Was an Initiate of Gozag.
             Mangled by a spriggan defender skeleton (14 damage)
             ... on level 2 of the Abyss on Dec 16, 2022.
             The game lasted 01:06:51 (14498 turns).

arthad the Thaumaturge (Gnoll Fire Elementalist)   Turns: 14498, Time: 01:06:52

Health: -10/92     AC: 20    Str:  7      XL:     12   Next: 72%
Magic:  25/25      EV: 12    Int: 18      God:    Gozag
Gold:   2839       SH:  5    Dex: 11 (12) Spells: 7/29 levels left

rFire   . . .      SeeInvis .    D - +11 battleaxe of the Beast {venom, rN+ rCorr Dex-3 Stlth+}
rCold   . . .      Faith    .    (shield currently unavailable)
rNeg    + . .      Spirit   .    E - +5 ring mail "Napnoac" {+Blink}
rPois   +          Reflect  +    C - +2 helmet
rElec   .          Harm     .    i - +0 cloak
rCorr   +          Rampage  .    l - +1 pair of gloves {hurl}
Will    .....      Rage     3%   F - +0 pair of boots
Stlth   ++++......               z - amulet of reflection
HPRegen 0.35/turn                J - ring of poison resistance
MPRegen 0.19/turn                O - ring of wizardry

@: no status effects
A: fangs 1, strong nose, distributed training, [berserk 1], [deterioration 1],
[screaming 1]
a: Renounce Religion, Evoke Blink, Potion Petition, Call Merchant, Bribe Branch


You were on level 2 of the Abyss.
You worshipped Gozag.
Gozag was most pleased with you.
You visited 2 branches of the dungeon, and saw 12 of its levels.
You visited the Abyss 1 time.
You also visited: Ossuary and Bailey.

You collected 2930 gold pieces.
You paid 91 gold pieces to Gozag.

Inventory:

Hand Weapons
 e - a +1 vampiric dagger
 x - a +2 rapier of venom
 D - the +11 battleaxe of the Beast (weapon) {venom, rN+ rCorr Dex-3 Stlth+}
   (You found it in a bailey)

   It poisons the flesh of those it strikes.
   Dex:       It affects your dexterity (-3).
   rN:        It protects you from negative energy.
   rCorr:     It protects you from acid and corrosion.
   Stlth:     It makes you more stealthy.
Missiles
 q - 16 poisoned darts
Armour
 a - a +0 robe
 b - the +0 leather armour of the Cartwright {Dex+2}
   (You found it in a bailey)

   Dex:       It affects your dexterity (+2).
 i - a +0 cloak (worn)
 l - a +1 pair of gloves of hurling (worn)
 C - a +2 helmet (worn)
 E - the +5 ring mail "Napnoac" (worn) {+Blink}
   (You found it on level 9 of the Dungeon)

   +Blink:    It lets you blink.
 F - a +0 pair of boots (worn)
Magical Staves
 y - a staff of death
Jewellery
 f - an amulet of regeneration
 s - an amulet of magic regeneration
 z - an amulet of reflection (around neck)
 G - a ring of positive energy
 J - a ring of poison resistance (left hand)
 O - a ring of wizardry (right hand)
 P - a +6 ring of dexterity
 W - a +6 ring of dexterity
Wands
 A - a wand of flame (50)
 N - a wand of polymorph (8)
 T - a wand of charming (4)
 U - a wand of mindburst (10)
Scrolls
 h - 5 scrolls of brand weapon
 k - 8 scrolls of teleportation
 m - 6 scrolls of poison
 t - 2 scrolls of blinking
 w - 2 scrolls of enchant armour
 B - 2 scrolls of amnesia
 I - 4 scrolls of fog
 M - a scroll of vulnerability
 Q - 2 scrolls of enchant weapon
 S - 2 scrolls of magic mapping
Potions
 c - 8 potions of lignification
 d - 6 potions of resistance
 j - 9 potions of curing
 n - a potion of magic
 o - 2 potions of degeneration
 p - 2 potions of mutation
 r - 2 potions of might
 u - 5 potions of heal wounds
 v - a potion of flight
 H - a potion of invisibility
 K - 3 potions of ambrosia
 L - 2 potions of berserk rage
 R - a potion of brilliance {unknown}
 V - a potion of haste
Miscellaneous
 g - a condenser vane


   Skills:
 + Level 7.8 Fighting
 + Level 7.8 Short Blades
 + Level 7.8 Long Blades
 + Level 7.8 Axes
 + Level 7.8 Maces & Flails
 + Level 7.8 Polearms
 + Level 7.8 Staves
 + Level 7.8 Ranged Weapons
 + Level 7.8 Throwing
 + Level 7.8 Armour
 + Level 9.1 Dodging
 + Level 9.0 Stealth
 + Level 7.8 Shields
 + Level 7.8 Unarmed Combat
 + Level 9.4 Spellcasting
 + Level 6.9 Conjurations
 + Level 6.5 Hexes
 + Level 6.5 Summonings
 + Level 6.5 Necromancy
 + Level 6.5 Translocations
 + Level 6.5 Transmutations
 + Level 8.6 Fire Magic
 + Level 6.5 Ice Magic
 + Level 6.5 Air Magic
 + Level 6.5 Earth Magic
 + Level 6.5 Poison Magic
 + Level 8.6 Invocations
 + Level 7.8 Evocations


You had 7 spell levels left.
You knew the following spells:

 Your Spells              Type           Power      Damage    Failure   Level
a - Foxfire               Conj/Fire      100%       2x1d9     1%          1
b - Scorch                Fire           78%        2d8       1%          2
c - Ensorcelled Hibernat  Hex/Ice        62%        N/A       1%          2
d - Ignite Poison         Fire/Tmut/Pois 34%        N/A       1%          3
e - Inner Flame           Hex/Fire       35%        N/A       1%          3
f - Swiftness             Air            31%        N/A       1%          3
g - Flame Wave            Conj/Fire      36%        2d10      4%          4
h - Sticky Flame          Conj/Fire      36%        2d6       4%          4

Your spell library contained the following spells:

 Spells                   Type           Power      Damage    Failure   Level
 Magic Dart               Conj           100%       1d8       1%          1
 Passwall                 Tmut/Erth      25%        N/A       1%          2
 Searing Ray              Conj           66%        2d6       1%          2
 Static Discharge         Conj/Air       64%        2-5/arc   1%          2
 Kindle Blastsparks       Fire/Tloc/Air  68%        2d15      1%          3
 Vhi's Electric Charge    Tloc/Air       62%        N/A       1%          3
 Fulminant Prism          Conj/Hex       16%        3d11      6%          4
 Arcjolt                  Conj/Air       16%        1d26      16%         5
 Lightning Bolt           Conj/Air       16%        1d30      16%         5
 Ignition                 Fire           19%        3d7       100%        8


Dungeon Overview and Level Annotations

Branches:
Dungeon (11/15)            Temple (1/1) D:5            Lair (0/5) D:9
Ossuary (visited)          Bailey (visited)
    Orc: D:9-12

Altars:
Ashenzari
Cheibriados
Dithmenos
Elyvilon
Fedhas
Gozag
Hepliaklqana
Kikubaaqudgha
Makhleb
Nemelex Xobeh
Okawaru
Qazlal
Ru
Sif Muna
Trog
Uskayaw
Vehumet
Wu Jian
Xom
Yredelemnul
Zin
The Shining One

Shops:
D:1 :

Annotations:
D:8 2 transporters
D:11 2 runed translucent doors


Innate Abilities, Weirdness & Mutations

You have very sharp teeth.
Your uncanny sense of smell can sniff out nearby items.
Your experience applies equally to all skills.
[You sometimes lose your temper in combat.]
[Your body sometimes deteriorates upon taking damage.]
[You occasionally shout uncontrollably at your foes.]


Message History

Okay, then.
You slice the large abomination!!
You destroy the large abomination!
You feel the corruption within you wane somewhat.
You feel a little less angry.
Your body's shape seems more normal.
Your Stealth skill increases to level 9!
Unknown command.
You now have 2839 gold pieces (gained 20).
You feel a strong urge to attack something.
You feel your anger nearly subside.
You are no longer berserk.
You are exhausted.
You feel yourself slow down.
You feel better.
You start resting.
A tentacled starspawn comes into view.
You open the door.
There is an open door here.
You close the door.
You feel yourself speed up.
You recover from your berserk rage.
A spriggan defender skeleton comes into view.
You slice the sixfirhy!!
The sixfirhy looks as sick as possible!
The sixfirhy is heavily wounded.
You barely miss the sixfirhy.
The sixfirhy is severely wounded.
The sixfirhy hits you! The sixfirhy shocks you!
You hit the sixfirhy.
The sixfirhy looks as sick as possible!
Your bite misses the sixfirhy.
The sixfirhy is severely wounded.
You completely miss the spriggan defender skeleton.
The sixfirhy misses you. The sixfirhy hits you! The sixfirhy shocks you!
* * * LOW HITPOINT WARNING * * *
The sixfirhy hits you.
* * * LOW HITPOINT WARNING * * *
The sixfirhy shocks you!
* * * LOW HITPOINT WARNING * * *
The sixfirhy hits you but does no damage.
The spriggan defender skeleton hits you!
You die...
Your body crumbles into a pile of gold.

.~ .##.## ##~≈
...#.## .~#..
#.....#
#.~.##....
#.....#.. #
###......# ..#
#....#Z#.#...#
#3@...#
##.#.....#
...###....#
..##.# ..#.
#.. ... ..# ##
.#. .# .. # .
#.


You could see a sixfirhy (extremely poisoned) and a spriggan defender skeleton.

Vanquished Creatures
  4 two-headed ogres
  2 wretched stars (Abyss:2)
  An orc knight (Bailey)
  A wizard (D:11)
  A large abomination (Abyss:2)
  A deep elf zephyrmancer (Bailey)
  A cyclops (D:11)
  A will-o-the-wisp (Abyss:2)
  5 ugly things (D:11)
  An orange demon (Abyss:2)
  An unseen horror (D:11)
  A hellwing (Abyss:2)
  Grinder (D:5)
  A hornet (D:10)
  Sigmund (D:2)
  16 yaks
  2 basilisks
  3 shadows
  2 wyverns (D:9)
  A wraith (D:6)
  Eustachio (D:4)
  A steam dragon (D:8)
  Menkaure (D:4)
  An acid dragon (D:10)
  9 water moccasins
  9 orc warriors
  A black bear (D:9)
  2 hornet zombies (Ossuary)
  An ice beast (D:5)
  3 ogres
  4 wolves (D:9)
  3 centaurs
  5 scorpions
  4 bullfrogs
  2 water moccasin zombies (Ossuary)
  A wyvern zombie (Ossuary)
  A gnoll sergeant (D:10)
  A small abomination (Abyss:2)
  19 killer bees
  2 howler monkeys
  2 electric eels (D:8)
  A gnoll bouda (D:7)
  A jelly (D:5)
  9 bullfrog zombies (Ossuary)
  7 centaur zombies (Ossuary)
  9 orc priests
  6 hounds
  7 orc wizards
  Natasha (thrice) (D:4)
  5 iguanas
  2 killer bee zombies (Ossuary)
  8 mummies (Ossuary)
  4 howler monkey zombies (Ossuary)
  9 gnolls
  8 adders
  A shadow imp (D:5)
  A white imp (D:5)
  An ufetubus (D:6)
  2 worms
  3 dart slugs (D:2)
  39 orcs
  9 bats
  3 endoplasms
  A giant cockroach (D:3)
  7 goblins
  4 hobgoblins
  4 jackals (D:5)
  A quokka (D:1)
  17 ball pythons
  4 frilled lizards
  8 kobolds
  A rat (D:1)
  3 rat zombies (D:3)
308 creatures vanquished.

Vanquished Creatures (collateral kills)
  A foxfire (Ossuary)
1 creature vanquished.

Vanquished Creatures (others)
  867 foxfires
  5 fungi (D:9)
  15 plants
  A withered plant (Ossuary)
888 creatures vanquished.

Grand Total: 1197 creatures vanquished

Notes
Turn   | Place    | Note
-------+----------+-------------------------------------------
     0 | D:1      | arthad the Gnoll Fire Elementalist began the quest for the
                  | Orb.
     0 | D:1      | Reached XP level 1. HP: 13/13 MP: 6/6
   207 | D:1      | Found Ucyff's Book Shop.
   274 | D:1      | Reached XP level 2. HP: 19/19 MP: 1/7
   289 | D:1      | Learned a level 2 spell: Scorch
   518 | D:1      | Found a faded altar of an unknown god.
   676 | D:1      | Learned a level 2 spell: Ensorcelled Hibernation
  1030 | D:2      | Reached skill level 5 in Spellcasting
  1030 | D:2      | Reached XP level 3. HP: 25/25 MP: 4/9
  1112 | D:2      | Found an ornate altar of the Wu Jian Council.
  1122 | D:2      | Reached skill level 1 in Invocations
  1255 | D:2      | Reached skill level 1 in Fighting
  1255 | D:2      | Reached skill level 1 in Short Blades
  1255 | D:2      | Reached skill level 1 in Long Blades
  1255 | D:2      | Reached skill level 1 in Axes
  1255 | D:2      | Reached skill level 1 in Maces & Flails
  1255 | D:2      | Reached skill level 1 in Polearms
  1255 | D:2      | Reached skill level 1 in Staves
  1255 | D:2      | Reached skill level 1 in Ranged Weapons
  1255 | D:2      | Reached skill level 1 in Throwing
  1255 | D:2      | Reached skill level 1 in Armour
  1255 | D:2      | Reached skill level 1 in Shields
  1255 | D:2      | Reached skill level 1 in Unarmed Combat
  1255 | D:2      | Reached skill level 1 in Evocations
  1433 | D:2      | Reached XP level 4. HP: 32/32 MP: 6/11
  1501 | D:2      | Noticed Sigmund
  1534 | D:2      | Killed Sigmund
  1535 | D:2      | Reached skill level 1 in Hexes
  1535 | D:2      | Reached skill level 1 in Summonings
  1535 | D:2      | Reached skill level 1 in Necromancy
  1535 | D:2      | Reached skill level 1 in Translocations
  1535 | D:2      | Reached skill level 1 in Transmutations
  1535 | D:2      | Reached skill level 1 in Ice Magic
  1535 | D:2      | Reached skill level 1 in Air Magic
  1535 | D:2      | Reached skill level 1 in Earth Magic
  1535 | D:2      | Reached skill level 1 in Poison Magic
  1535 | D:2      | Reached XP level 5. HP: 38/38 MP: 4/12
  1900 | D:3      | Reached XP level 6. HP: 44/44 MP: 8/13
  2407 | D:3      | Found an ancient bone altar of Kikubaaqudgha.
  2567 | D:3      | Reached skill level 5 in Dodging
  2698 | D:4      | Found a sand-covered staircase.
  2698 | D:4      | Noticed Menkaure
  2703 | D:4      | Killed Menkaure
  2742 | Ossuary  | Entered an ossuary
  2776 | Ossuary  | Reached XP level 7. HP: 51/51 MP: 4/15
  2798 | Ossuary  | HP: 1/51 [wyvern zombie (9)]
  2849 | Ossuary  | Reached skill level 5 in Stealth
  3089 | Ossuary  | Reached XP level 8. HP: 44/58 MP: 2/16
  3919 | D:4      | Noticed Eustachio
  3926 | D:4      | Noticed Natasha
  3938 | D:4      | Killed Natasha
  4089 | D:4      | Killed Eustachio
  4090 | D:4      | Reached XP level 9. HP: 48/65 MP: 3/18
  4092 | D:4      | Noticed Natasha
  4114 | D:4      | Killed Natasha
  4227 | D:4      | Noticed Natasha
  4230 | D:4      | Killed Natasha
  4605 | D:4      | Learned a level 3 spell: Ignite Poison
  4609 | D:4      | Learned a level 3 spell: Inner Flame
  4613 | D:4      | Learned a level 3 spell: Swiftness
  4788 | D:5      | Entered Level 5 of the Dungeon
  4950 | D:5      | Found a staircase to the Ecumenical Temple.
  5000 | Temple   | Entered the Ecumenical Temple
  5521 | D:5      | Noticed Grinder
  5774 | D:5      | Killed Grinder
  5775 | D:5      | Reached skill level 5 in Invocations
  5858 | D:6      | Found a broken altar of Ashenzari.
  5908 | D:6      | Found an opulent altar of Gozag.
  5950 | D:6      | Became a worshipper of Gozag Ym Sagoz the Greedy
  6368 | D:6      | Reached skill level 5 in Fighting
  6368 | D:6      | Reached skill level 5 in Short Blades
  6368 | D:6      | Reached skill level 5 in Long Blades
  6368 | D:6      | Reached skill level 5 in Axes
  6368 | D:6      | Reached skill level 5 in Maces & Flails
  6368 | D:6      | Reached skill level 5 in Polearms
  6368 | D:6      | Reached skill level 5 in Staves
  6368 | D:6      | Reached skill level 5 in Ranged Weapons
  6368 | D:6      | Reached skill level 5 in Throwing
  6368 | D:6      | Reached skill level 5 in Armour
  6368 | D:6      | Reached skill level 5 in Shields
  6368 | D:6      | Reached skill level 5 in Unarmed Combat
  6368 | D:6      | Reached skill level 5 in Evocations
  6368 | D:6      | Reached XP level 10. HP: 74/74 MP: 11/20
  6634 | D:6      | Found a shimmering altar of Xom.
  7063 | D:7      | Learned a level 4 spell: Flame Wave
  7068 | D:7      | Learned a level 4 spell: Sticky Flame
  7069 | D:7      | Found a flagged portal.
  7163 | Bailey   | Entered a bailey
  7353 | Bailey   | Noticed an orc knight
  7400 | Bailey   | Killed an orc knight
  7401 | Bailey   | Reached skill level 5 in Conjurations
  7588 | Bailey   | Found a large runed translucent door.
  7588 | Bailey   | Found a large runed translucent door.
  7599 | Bailey   | Noticed a deep elf zephyrmancer
  7659 | Bailey   | Killed a deep elf zephyrmancer
  7675 | Bailey   | Identified the +0 leather armour of the Cartwright {Dex+2}
  7683 | Bailey   | Identified the +11 battleaxe of the Beast {venom, rN+ rCorr
                  | Dex-3 Stlth+}
  8131 | D:7      | Found a white marble altar of Elyvilon.
  8404 | D:7      | Found a sparkling altar of Nemelex Xobeh.
  8404 | D:7      | Found a shimmering blue altar of Sif Muna.
  8412 | D:7      | Found a faded altar of an unknown god.
  8414 | D:7      | Found a radiant altar of Vehumet.
  8416 | D:7      | Found a faded altar of an unknown god.
  9243 | D:8      | Found a transporter.
  9260 | D:8      | Found a transporter.
 10003 | D:9      | Reached skill level 5 in Hexes
 10003 | D:9      | Reached skill level 5 in Summonings
 10003 | D:9      | Reached skill level 5 in Necromancy
 10003 | D:9      | Reached skill level 5 in Translocations
 10003 | D:9      | Reached skill level 5 in Transmutations
 10003 | D:9      | Reached skill level 5 in Ice Magic
 10003 | D:9      | Reached skill level 5 in Air Magic
 10003 | D:9      | Reached skill level 5 in Earth Magic
 10003 | D:9      | Reached skill level 5 in Poison Magic
 10005 | D:9      | Reached XP level 11. HP: 66/81 MP: 18/22
 10359 | D:9      | Found a staircase to the Lair.
 10377 | D:9      | Noticed a skeletal warrior
 10377 | D:9      | Noticed a skeletal warrior
 10378 | D:9      | Noticed a skeletal warrior
 10378 | D:9      | Noticed a two-headed ogre
 10633 | D:9      | Killed a two-headed ogre
 10820 | D:9      | Identified a scroll of acquirement
 10820 | D:9      | Acquired 938 gold pieces
 11277 | D:9      | Identified the +5 ring mail "Napnoac" {+Blink}
 11479 | D:10     | Entered Level 10 of the Dungeon
 12152 | D:10     | Noticed a two-headed ogre
 12158 | D:10     | Killed a two-headed ogre
 12325 | D:10     | Noticed a two-headed ogre
 12336 | D:10     | Killed a two-headed ogre
 12876 | D:11     | Noticed a two-headed ogre
 12893 | D:11     | Killed a two-headed ogre
 12894 | D:11     | Reached XP level 12. HP: 27/91 MP: 17/24
 13175 | D:11     | Found a runed translucent door.
 13175 | D:11     | Noticed a fire dragon
 13175 | D:11     | Found the +2 shield of Resistance {rF++ rC++ Will++}
 13176 | D:11     | Found a runed translucent door.
 13177 | D:11     | Noticed an ice dragon
 13177 | D:11     | Noticed an ice dragon
 13178 | D:11     | Noticed a fire dragon
 14169 | Abyss:2  | Cast into level 2 of the Abyss (a wizard)
 14310 | Abyss:2  | Noticed a wretched star
 14322 | Abyss:2  | Killed a wretched star
 14337 | Abyss:2  | Noticed a wretched star
 14379 | Abyss:2  | Noticed a wretched star
 14394 | Abyss:2  | Killed a wretched star
 14402 | Abyss:2  | Found a corrupted altar of Lugonu.
 14403 | Abyss:2  | Noticed a pearl dragon
 14466 | Abyss:2  | Noticed a tentacled starspawn
 14498 | Abyss:2  | HP: 4/92 [sixfirhy (11)]
 14498 | Abyss:2  | Mangled by a spriggan defender skeleton

Illustrated notes

Levels and vault maps discovered:
D:1:      lightli_arrival_lavapool, layout_basic, serial_shops, shop,
          chequers_ecumenical_altar_twisty, amcnicky_mini_pool_small
D:2:      layout_basic, basic_altar, minmay_pentomino_t4, uniq_sigmund
D:3:      layout_basic, lemuel_zombie_altar_kikubaaqudgha,
          chequers_serial_rivers_small_a, roderic_roman_lattice,
          minmay_distorted
D:4:      layout_basic, enter_ossuary_5, uniq_natasha, uniq_eustachio,
          uniq_menkaure
D:5:      layout_cave_pools, temple_pool_b, uniq_grinder
D:6:      layout_basic, nicolae_gozag_seed_capital,
          nicolae_ashenzari_panopticon, tgw_xom,
          nicolae_concentric_dashed_squares_wild, serial_bayou_pond_a
D:7:      layout_basic, chequers_temple_overflow_minitemple, elyvilon_altar_5,
          enter_bailey_2
D:8:      gammafunk_steamed_eel, layout_basic, fountainhead
D:9:      layout_basic, minmay_lair_entry_grove, chequers_serial_rivers_micro_c,
          grunt_ministairs_10
D:10:     layout_basic
D:11:     cheibrodos_breeding_chamber, layout_long_grid,
          minmay_guarded_unrand_resistance
Temple:   eino_narrow_crystal_temple
Abyss:2:  base: D:10, abyss_exit_lava

Skill      XL: |  1  2  3  4  5  6  7  8  9 10 11 12 |
---------------+-------------------------------------+-----
Conjurations   | 2 3 4 5 6 |  6.9
Spellcasting   | 5 6 7 8 9 |  9.4
Invocations    | 1 2 3 4 5 6 7 8 |  8.6
Fighting       | 1 2 3 4 5 6 7 |  7.8
Short Blades   | 1 2 3 4 5 6 7 |  7.8
Long Blades    | 1 2 3 4 5 6 7 |  7.8
Axes           | 1 2 3 4 5 6 7 |  7.8
Maces & Flails | 1 2 3 4 5 6 7 |  7.8
Polearms       | 1 2 3 4 5 6 7 |  7.8
Staves         | 1 2 3 4 5 6 7 |  7.8
Ranged Weapons | 1 2 3 4 5 6 7 |  7.8
Throwing       | 1 2 3 4 5 6 7 |  7.8
Armour         | 1 2 3 4 5 6 7 |  7.8
Shields        | 1 2 3 4 5 6 7 |  7.8
Unarmed Combat | 1 2 3 4 5 6 7 |  7.8
Evocations     | 1 2 3 4 5 6 7 |  7.8
Hexes          | 1 2 3 4 5 6 |  6.5
Summonings     | 1 2 3 4 5 6 |  6.5
Necromancy     | 1 2 3 4 5 6 |  6.5
Translocations | 1 2 3 4 5 6 |  6.5
Transmutations | 1 2 3 4 5 6 |  6.5
Ice Magic      | 1 2 3 4 5 6 |  6.5
Air Magic      | 1 2 3 4 5 6 |  6.5
Earth Magic    | 1 2 3 4 5 6 |  6.5
Poison Magic   | 1 2 3 4 5 6 |  6.5
Dodging        | 5 6 7 8 9 |  9.1
Stealth        | 5 6 7 8 9 |  9.0
Fire Magic     | 6 7 8 |  8.6

Action                   |  1- 3 |  4- 6 |  7- 9 | 10-12 || total
-------------------------+-------+-------+-------+-------++-------
Melee: Dagger            |     3 |     3 |    97 |       ||   103
       Bite              |       |       |    24 |    36 ||    60
       Punch             |       |       |     3 |     2 ||     5
       Rapier            |       |       |    18 |    21 ||    39
       Battleaxe         |       |       |       |   240 ||   240
Throw: Dart              |       |       |     1 |     9 ||    10
 Cast: Foxfire           |    49 |    56 |   216 |   173 ||   494
       Scorch            |       |    14 |    66 |    45 ||   125
       Ensorcelled Hiber |       |       |     1 |     5 ||     6
       Inner Flame       |       |       |       |     6 ||     6
       Flame Wave        |       |       |       |     4 ||     4
       Sticky Flame      |       |       |       |     2 ||     2
       Ignite Poison     |       |       |       |     1 ||     1
Evoke: Wand              |       |       |       |     2 ||     2
  Use: Scroll            |       |     8 |     1 |    22 ||    31
       Potion            |       |       |     3 |     3 ||     6
 Stab: Sleeping          |       |       |       |     4 ||     4
       Distracted        |       |       |       |     4 ||     4
Armor: Robe              |       |     1 |    38 |    30 ||    69
       Ring mail         |       |       |       |    84 ||    84
Dodge: Dodged            |     8 |    29 |   124 |   199 ||   360
Block: Other             |       |       |     7 |    79 ||    86
       Reflection        |       |       |       |     3 ||     3

Table legend: (Time is in decaauts)
 A = Elapsed time spent in this place.
 B = Non-inter-level travel time spent in this place.
 C = Inter-level travel time spent in this place.
 D = Time resting spent in this place.
 E = Time spent auto-exploring this place.
 F = Levels seen in this place.
 G = Mean time per level.
                   A        B        C        D        E       F      G
               +--------+--------+--------+--------+--------+-----+--------+
         Total |  14568 |  14247 |    321 |   2761 |   8208 |  15 |  971.2 |
       Dungeon |  12282 |  11961 |    321 |   1902 |   7663 |  11 | 1116.5 |
        Temple |    225 |    225 |      0 |      0 |    205 |   1 |  225.0 |
         Abyss |    359 |    359 |      0 |      6 |      0 |   1 |  359.0 |
       Ossuary |   1162 |   1162 |      0 |    624 |    271 |   1 | 1162.0 |
        Bailey |    539 |    539 |      0 |    228 |     68 |   1 |  539.0 |
               +--------+--------+--------+--------+--------+-----+--------+

Top non-repeatable levels by time:
    D:11: 1574 daAuts
     D:9: 1430 daAuts
     D:8: 1258 daAuts
     D:7: 1218 daAuts
     D:6: 1191 daAuts
    D:10: 1172 daAuts
 Ossuary: 1162 daAuts
     D:4: 1021 daAuts
     D:2: 949 daAuts
     D:1: 943 daAuts
     D:5: 821 daAuts
     D:3: 699 daAuts
  Bailey: 539 daAuts
 Abyss:2: 359 daAuts
  Temple: 225 daAuts
